 Dungeon Crawl Stone Soup version 0.27-a0-1590-g15f69828bf (webtiles) character file.

Game seed: 16482764391442857294

10 Demosthentine the Poker (level 2, -9/23 HPs)
             Began as a Merfolk Gladiator on July 18, 2021.
             Mangled by a kobold (10 damage)
             ... on level 1 of the Dungeon.
             The game lasted 00:00:15 (359 turns).

Demosthentine the Poker (Merfolk Gladiator)          Turns: 359, Time: 00:00:16

Health: -9/23      AC:  4    Str: 14    XL:     2   Next: 20%
Magic:  2/2        EV: 13    Int:  7    God:
Gold:   0          SH:  0    Dex: 15    Spells: 1/1 levels left

rFire    . . .     SeeInvis .   a - +0 trident
rCold    . . .     Faith    .   (no shield)
rNeg     . . .     Spirit   .   b - +0 leather armour
rPois    .         Reflect  .   c - +0 helmet
rElec    .         Harm     .   (no cloak)
rCorr    .         Rampage  .   (no gloves)
Will     .....                  (no boots)
Stlth    +.........             (no amulet)
HPRegen  0.07/turn              (no ring)
MPRegen  0.08/turn              (no ring)

@: no status effects
A: (nimble swimmer 2), mertail
a: no special abilities


You were on level 1 of the Dungeon.
You visited 1 branch of the dungeon, and saw 1 of its levels.

Inventory:

Hand Weapons
 a - a +0 trident (weapon)
Missiles
 d - 3 throwing nets (quivered)
Armour
 b - a +0 leather armour (worn)
 c - a +0 helmet (worn)
Scrolls
 e - a scroll of identify {unknown}
 f - a scroll of enchant armour {unknown}
 g - a scroll of amnesia {unknown}


   Skills:
 + Level 2.4 Fighting
 + Level 4.6 Polearms
 - Level 2.0 Throwing
 + Level 0.3 Armour
 + Level 4.2 Dodging


You had one spell level left.
You didn't know any spells.
Your spell library was empty.

Dungeon Overview and Level Annotations

Branches:
Dungeon (1/15)

Altars:


Innate Abilities, Weirdness & Mutations

((You are quick and stealthy near water. (Stealth+, EV+, Speed+++)))
Your lower body shifts to a powerful aquatic tail in water.


Message History

There are monsters nearby!
You closely miss the jackal. The jackal misses you.
There are monsters nearby!
You closely miss the jackal. The jackal closely misses you.
The jackal bites you.
You hit the jackal but do no damage. The jackal closely misses you.
There are monsters nearby!
You hit the jackal.
The jackal is almost dead.
The jackal bites you. The jackal misses you.
You barely miss the jackal.
The jackal is almost dead.
The jackal bites you but does no damage. x2
There are monsters nearby!
You puncture the jackal!
You kill the jackal!
The jackal barely misses you.
You have reached level 2!
You puncture the jackal!
You kill the jackal!
The jackal bites you but does no damage.
You hit the jackal.
You kill the jackal!
You miss the kobold.
The kobold hits you with a +2 dagger of electrocution. x2
You are electrocuted!
* * * LOW HITPOINT WARNING * * *
You are too injured to fight recklessly!
You are too injured to fight recklessly!
A kobold is nearby!
You are too injured to fight recklessly!
A kobold is nearby!
You are too injured to fight recklessly!
You are too injured to fight recklessly!
Unknown command.
You closely miss the kobold.
The kobold hits you with a +2 dagger of electrocution.
* * * LOW HITPOINT WARNING * * *
You are electrocuted!
You die...

.# ..## ##... ...# #..#
..##+####### #K#........#
########### #@#........#
##.........#####..........#
..............##..........#
..(.⌠...⌠......+..........#
.⌠[........⌠...##.........#
......≈.........#÷........#
⌠...........⌠...#.........#
...≈.....≈..............).#######
⌠...........⌠...#................


You could see a kobold.

Vanquished Creatures
  2 endoplasms (D:1)
  3 jackals (D:1)
  A kobold (D:1)
  2 ball pythons (D:1)
  A rat (D:1)
9 creatures vanquished.

Notes
Turn   | Place    | Note
-------+----------+-------------------------------------------
     0 | D:1      | Demosthentine the Merfolk Gladiator began the quest for the
                  | Orb.
     0 | D:1      | Reached XP level 1. HP: 16/16 MP: 1/1
   193 | D:1      | Found a faded altar of an unknown god.
   356 | D:1      | Reached XP level 2. HP: 18/23 MP: 2/2
   359 | D:1      | HP: 1/23 [kobold (2)]
   359 | D:1      | Mangled by a kobold

Illustrated notes

Levels and vault maps discovered:
D:1:      dpeg_arrival_stone_temple_mockup, layout_basic,
          chequers_ecumenical_altar_island

Action                   || total
-------------------------++-------
Melee: Trident           ||    34
       Tailslap          ||     1
Armor: Leather armour    ||    13
Dodge: Dodged            ||    24

Table legend: (Time is in decaauts)
 A = Elapsed time spent in this place.
 B = Non-inter-level travel time spent in this place.
 C = Inter-level travel time spent in this place.
 D = Time resting spent in this place.
 E = Time spent auto-exploring this place.
 F = Levels seen in this place.
 G = Mean time per level.
                   A        B        C        D        E       F      G
               +--------+--------+--------+--------+--------+-----+--------+
         Total |    358 |    358 |      0 |      0 |    305 |   1 |  358.0 |
       Dungeon |    358 |    358 |      0 |      0 |    305 |   1 |  358.0 |
               +--------+--------+--------+--------+--------+-----+--------+

Top non-repeatable levels by time:
     D:1: 358 daAuts
